AoeStats
← raw0000

Pilgrims

510084931Analyzed
4v4 RM · 3d ago on Sep 29, 2026· 18m 2s· 8 players
Game mode
Random Map
Map size
Large (8 player)
Population
200
Speed
Normal
Resources
Standard
Victory
Conquest
Starting age
Dark Age
Ending age
Imperial Age
RankedLock teamsTeams togetherTeam positionsShared explorationLock speedFull tech treeHidden civsTurbo modeCheats
Victory
Defeat
🇮🇳 Berbers · India
1234
+14
🇭🇰 Bohemians · Hong Kong SAR China
1212
+15
🇮🇩 Mongols · Indonesia
1186
+16
🇹🇼 Danes · Taiwan
1158
+17
🇨🇳 Japanese · China
1261
-19
🇦🇷 Persians · Argentina
1232
-17
🇩🇪 Mongols · Germany
1133
-13
🇨🇳 Byzantines · China
1124
-13
raw0000
8:49 Loom
13:03 Feudal Age
14:07 Double-Bit Axe
14:08 Fishing Lines
16:31 Bloodlines
19:08 Castle Age
17:39 Forging
17:35 Scale Barding Armor
Chelsea Smile
3:30 Loom
16:12 Feudal Age
16:58 Fishing Lines
17:06 Double-Bit Axe
17:16 Gold Mining
17:27 Town Watch
18:17 Bloodlines
18:59 Wheelbarrow
yayagaga
4:07 Loom
15:07 Feudal Age
16:24 Double-Bit Axe
16:26 Town Watch
16:38 Fishing Lines
19:26 Castle Age
Dr.Lang
run
MUSI
3:48 Loom
11:53 Feudal Age
16:15 Castle Age
14:44 Double-Bit Axe
15:00 Gold Mining
17:29 Scale Barding Armor
17:48 Bow Saw
17:34 Fishing Lines
18:11 Forging
18:04 Town Watch
cihuncihome
DeusMaximus263
Connection lost

Rejoining the realm…

Still unreachable

The connection could not be restored.

Session expired

The server has moved on; the page needs a fresh start.